 Dungeon Crawl Stone Soup version 0.24.0-1-gfbc8707122 (webtiles) character file.

Game seed: 16618239713517118570, levelgen mode: deterministic

303222 inmateoo the Brawler (level 20, -20/161 HPs)
             Began as a Green Draconian Transmuter on Oct 26, 2019.
             Was the Champion of Cheibriados.
             Blown up by a conjurer statue (58 damage)
             ... with an orb of destruction
             ... in a wizard's laboratory on Oct 27, 2019.
             The game lasted 01:14:11 (38662 turns).

inmateoo the Brawler (Green Draconian Transmuter)  Turns: 38662, Time: 01:14:11

Health: -20/161    AC: 17    Str: 32    XL:     20   Next: 23%
Magic:  21/34      EV: 24    Int: 34    God:    Cheibriados [******]
Gold:   1562       SH:  7    Dex: 31    Spells: 15/39 levels left

rFire    . . .     SeeInvis +     - Unarmed
rCold    + + .     Gourm    .   A - +0 buckler
rNeg     . . .     Faith    .   (armour unavailable)
rPois    +         Spirit   .   T - +3 crown of Dyrovepreva {rElec Int+2 SInv}
rElec    +         Reflect  .   G - +2 cloak
rCorr    .         Harm     .   n - +0 pair of fencer's gloves {Riposte Dex+3}
MR       +++..     Rnd*Tele +   (no boots)
Stlth    ++........             U - amulet of regeneration
HPRegen  0.76/turn              H - ring of protection from cold
MPRegen  0.24/turn              s - ring of protection from magic

@: very slow
A: breathe noxious fumes, unfitting armour, stinger 1, cold resistance 1, magic
resistance 1, poison resistance, teleportitis 1, cold-blooded, AC +10
}: 2/15 runes: decaying, gossamer
a: Breathe Noxious Fumes, Bend Time, Temporal Distortion, Slouch, Step From
Time, Renounce Religion


You were in a wizard's laboratory.
You worshipped Cheibriados.
Cheibriados was exalted by your worship.
You were near starving.

You visited 7 branches of the dungeon, and saw 35 of its levels.
You visited the Abyss 1 time.
You visited 2 bazaars.
You also visited: Bailey and Wizlab.

You collected 4117 gold pieces.
You spent 2555 gold pieces at shops.

Inventory:

Hand Weapons
 J - the +8 storm bow {elec, penet}
   (You found it on level 3 of the Lair of Beasts)

   It charges the ammunition it shoots with electricity; occasionally upon a
   hit, such missiles may discharge and cause terrible harm.
   Ammo fired by it will pass through the targets it hits, potentially hitting
   all targets in its path until it reaches maximum range.
Missiles
 a - 543 arrows
Armour
 n - the +0 pair of fencer's gloves (worn) {Riposte Dex+3}
   (You found it in a bailey)

   It affects your dexterity (+3).
 A - a +0 buckler (worn)
 G - a +2 cloak (worn)
 T - the +3 crown of Dyrovepreva (worn) {rElec Int+2 SInv}
   (You bought it in a shop on level 2 of the Orcish Mines)

   It affects your intelligence (+2).
   It insulates you from electricity.
   It lets you see invisible.
Jewellery
 s - a ring of protection from magic (right hand)
 t - an uncursed ring of resist corrosion
 H - a ring of protection from cold (left hand)
 I - an uncursed ring of protection from cold
 K - an uncursed ring of positive energy
 U - an amulet of regeneration (around neck)
Wands
 b - a wand of polymorph (14)
 d - a wand of paralysis (36)
 e - a wand of disintegration (15)
 m - a wand of enslavement (5)
 p - a wand of acid (14)
 w - a wand of digging (13)
 B - a wand of flame (27)
 C - a wand of iceblast (21)
 F - a wand of clouds (3)
Scrolls
 f - 5 scrolls of fog
 g - 24 scrolls of remove curse
 l - 3 scrolls of amnesia
 q - 5 scrolls of immolation
 E - 15 scrolls of teleportation
 N - 11 scrolls of identify
 O - a scroll of holy word
 Q - 3 scrolls of fear
 S - a scroll of blinking
 W - 2 scrolls of enchant armour
Potions
 h - 6 potions of magic
 i - 9 potions of brilliance
 j - 9 potions of might
 k - 8 potions of heal wounds
 r - 4 potions of cancellation
 u - 3 potions of invisibility
 v - 13 potions of curing
 x - 3 potions of mutation
 z - 10 potions of flight
 D - a potion of agility
 L - 5 potions of ambrosia
 P - 3 potions of resistance
Miscellaneous
 o - a sack of spiders
 M - a phial of floods
 V - a phantom mirror
Comestibles
 c - 63 rations


   Skills:
 - Level 10.0 Fighting
 - Level 10.0 Bows
 - Level 10.0 Dodging
 - Level 4.0 Shields
 - Level 18.0 Unarmed Combat
 - Level 10.0 Spellcasting
 - Level 15.0 Transmutations
 + Level 13.0 Earth Magic
 - Level 14.0 Invocations
 + Level 9.1 Evocations


You had 15 spell levels left.
You knew the following spells:

 Your Spells              Type           Power        Failure   Level  Hunger
a - Statue Form           Tmut/Erth      #######..    1%          6    #####..
b - Sticks to Snakes      Tmut           #######.     0%          2    None
c - Shatter               Erth           #######...   100%        9    #######
d - Blink                 Tloc           N/A          4%          2    None
e - Blade Hands           Tmut           #######...   1%          5    ##.....

Your spell library contained the following spells:

 Spells                   Type           Power        Failure   Level  Hunger
 Beastly Appendage        Tmut           ######       0%          1    None
 Spider Form              Tmut/Pois      ######....   1%          3    None
 Ice Form                 Ice/Tmut       ######..     1%          4    None
 Hydra Form               Tmut           #######...   1%          6    #####..
 Corona                   Hex            ###....      2%          1    None
 Magic Dart               Conj           ###.         2%          1    None
 Irradiate                Conj/Tmut      ######....   3%          5    ##.....
 Call Imp                 Summ           ###.....     4%          2    None
 Ensorcelled Hibernation  Hex/Ice        ###...       4%          2    None
 Poisonous Vapours        Pois/Air       ###...       4%          2    None
 Searing Ray              Conj           ###...       4%          2    None
 Slow                     Hex            ###.....     4%          2    None
 Borgnjor's Vile Clutch   Necr/Erth      ######....   4%          5    ##.....
 Dragon Form              Tmut           #######...   4%          7    ######.
 Confuse                  Hex            ###.....     8%          3    None
 Conjure Flame            Conj/Fire      ###.....     8%          3    None
 Dazzling Spray           Conj/Hex       ###...       8%          3    None
 Gell's Gravitas          Tloc           ###.......   8%          3    None
 Mephitic Cloud           Conj/Pois/Air  ###.....     8%          3    None
 Portal Projectile        Hex/Tloc       ###...       8%          3    None
 Static Discharge         Conj/Air       ###.....     8%          3    None
 Tukima's Dance           Hex            ###.....     8%          3    None
 Bolt of Magma            Conj/Fire/Erth #####.....   12%         5    ##.....
 Airstrike                Air            ###.......   26%         4    None
 Force Lance              Conj/Tloc      ###.....     26%         4    None
 Fulminant Prism          Conj/Hex       ###.......   26%         4    None
 Iskenderun's Mystic Bla  Conj           ###.....     26%         4    None
 Iron Shot                Conj/Erth      ######....   28%         6    #####..
 Aura of Abjuration       Summ           ###.......   58%         5    ##.....
 Iskenderun's Battlesphe  Conj/Chrm      ###.....     58%         5    ##.....
 Lightning Bolt           Conj/Air       ###.......   58%         5    ##.....
 Silence                  Hex/Air        ###.......   58%         5    ##.....
 Venom Bolt               Conj/Pois      ###.......   58%         5    ##.....
 Darkness                 Hex            ###.......   99%         6    #####..
 Dispersal                Tloc           ###.......   99%         6    #####..
 Shadow Creatures         Summ           N/A          99%         6    #####..
 Orb of Destruction       Conj           ###.......   100%        7    ######.
 Spellforged Servitor     Conj/Summ      ###.......   100%        7    ######.
 Summon Hydra             Summ           ###.......   100%        7    ######.
 Controlled Blink         Tloc           N/A          100%        8    #######
 Disjunction              Tloc           ###.......   100%        8    #######
 Ignition                 Fire           ###.......   100%        8    #######
 Tornado                  Air            ###.......   100%        9    #######


Dungeon Overview and Level Annotations

Branches:
Dungeon (15/15)            Temple (1/1) D:4            Lair (6/6) D:11
  Swamp (4/4) Lair:3       Spider (4/4) Lair:4        Slime (0/5) Lair:5
    Orc (2/2) D:11            Elf (0/3) Orc:2        Vaults (3/5) D:13
  Crypt (0/3) Vaults:2     Depths (0/5) D:15         Bailey (visited)
 WizLab (1/1)

Altars:
Ashenzari
Cheibriados
Dithmenos
Elyvilon
Fedhas
Gozag
Kikubaaqudgha
Makhleb
Nemelex Xobeh
Okawaru
Qazlal
Ru
Sif Muna
Trog
Uskayaw
Vehumet
Wu Jian
Xom
Yredelemnul
Zin
The Shining One
Beogh

Shops:
D:11 [   Orc:1 (   Orc:2 ?*[[   Vaults:1 [

Portals:
Trove: D:11 (give horn of Geryon)

Annotations:
D:9 1 runed translucent door, zkyp's ghost, journeyman MfWr
Vaults:2 1 exclusion WizLab exclusion: 2 statues


Innate Abilities, Weirdness & Mutations

You can breathe blasts of noxious fumes.
Your lurid green scales are hard. (AC +10)
You cannot fit into any form of body armour.
Your tail ends in a poisonous barb.
Your system is resistant to poisons. (rPois)
You are cold-blooded and may be slowed by cold attacks.
Your flesh is cold resistant. (rC+)
You are resistant to hostile enchantments. (MR+)
You are occasionally teleported next to monsters.


Message History

A deep elf mage comes into view. It is wielding a +0 long sword.
The deep elf mage moves out of view.
An orb of destruction comes into view.
Unknown command.
Unknown command.
Unknown command.
You can feel time thicken for a moment.
You feel somewhat more hungry.
Unknown command.
Unknown command.
You can feel time thicken for a moment.
You kill the deep elf mage!
Cheibriados thoroughly appreciates the change of pace.
You kill the deep elf mage!
Cheibriados thoroughly appreciates the change of pace.
The battlesphere dissipates.
You are near starving!
You block the purple draconian's attack.
Unknown command.
The orb of destruction hits you!!!
You die...

§#§.§8...
###§§......
#.#.§○....#
##...°...... ##
#.#.○......###e#
##..○.......#.#.
#.#☼.........#.#
##.§d§........##
#.#@d.§...e....#
##§§§§§.........
#.#§§§§.e§......
##.#.§○.)...e...
###..§.........
#§##§§.......§
#.##.#.#.#.#.#.
## ##.#.#.#.#.#
## ###### #


You could see 2 draconians.

Vanquished Creatures
  the Lernaean hydra (Swamp:4)
  Margery (Vaults:2)
  Arachne (Spider:3)
  Nikola (Spider:3)
  A lich (Vaults:2)
  Kirke (Lair:5)
  Louise (Spider:3)
  10 emperor scorpions
  3 vault wardens
  An orc warlord (Bailey)
  2 ghost moths (Spider:4)
  4 ironheart preservers
  4 entropy weavers
  A purple draconian (WizLab)
  7 dire elephants
  A spark wasp (Spider:4)
  A statue (WizLab)
  Snorg (D:12)
  A crystal guardian (Vaults:1)
  3 ogre magi
  A great orb of eyes (Vaults:1)
  2 fire dragons
  2 ice dragons
  6 yaktaur captains
  Erolcha (D:13)
  A rakshasa (Vaults:1)
  22 hydras
  13 two-headed ogres
  3 shambling mangroves (Swamp:3)
  7 centaur warriors
  3 death knights
  An anaconda (Lair:6)
  5 ghost crabs
  9 dancing weapons
  2 deep troll shamans (Vaults:3)
  3 deep troll earth magi
  10 alligators
  2 tengu warriors
  A queen ant (Lair:3)
  8 orc high priests (Orc:2)
  2 deep elf knights
  4 hell knights (Vaults:2)
  8 skeletal warriors
  8 deep trolls
  An unseen horror (D:13)
  3 flayed ghosts (Vaults:2)
  2 spriggan druids
  12 swamp dragons
  A wolf spider zombie (D:13)
  9 orc knights
  4 phantasmal warriors
  9 harpies
  A lindwurm (Lair:6)
  3 wizards (Vaults:1)
  5 ironbrand convokers
  Pikel (D:4)
  A harpy (shapeshifter) (Vaults:1)
  3 necromancers
  A swamp dragon (shapeshifter) (Vaults:3)
  47 ugly things
  10 orb spiders
  4 oklob plants
  2 orc sorcerers
  29 wolf spiders
  12 cyclopes
  7 deep elf magi
  A moth of wrath (Spider:4)
  Joseph (D:9)
  A cyclops (shapeshifter) (Vaults:1)
  37 elephants
  A black mamba (shapeshifter) (Vaults:1)
  A faun (shapeshifter) (Vaults:1)
  A fire giant skeleton (Vaults:3)
  6 vault sentinels
  2 black mambas
  A torpor snail (Lair:3)
  An apocalypse crab (D:13)
  17 spiny frogs
  A gargoyle (D:13)
  A rime drake (Lair:3)
  18 demonic crawlers
  4 freezing wraiths
  A tengu conjurer (D:13)
  A komodo dragon (shapeshifter) (Vaults:2)
  26 yaktaurs
  9 komodo dragons
  2 kobold demonologists
  21 jumping spiders
  A queen bee (Lair:5)
  3 meliai (Lair:5)
  Grinder (D:4)
  3 tyrant leeches
  26 hornets
  2 polar bears
  A merfolk (D:9)
  5 trolls
  A harpy skeleton (D:15)
  39 slime creatures
  22 blink frogs
  4 bog bodies (Swamp:4)
  A raiju (shapeshifter) (Vaults:2)
  5 hippogriffs
  Sigmund (D:3)
  6 dream sheep (Lair:4)
  36 tarantellas
  52 redbacks
  8 spriggans
  A shadow (Swamp:1)
  A vampire (D:15)
  57 yaks
  3 wraiths
  A yaktaur simulacrum (Vaults:1)
  5 basilisks
  A wyvern (D:8)
  Menkaure (D:5)
  11 vampire mosquitoes
  2 hungry ghosts
  6 insubstantial wisps (Swamp:4)
  16 swamp worms
  9 wargs
  A large abomination (Abyss:2)
  7 soldier ants
  3 acid dragons
  7 water moccasins
  Purgy (D:3)
  18 porcupines
  6 ice beasts
  6 sky beasts
  9 swamp drakes
  45 orc warriors
  5 phantoms
  20 ogres
  3 slaves (D:4)
  3 black bears
  5 wolves (Lair:5)
  5 necrophages
  9 boggarts
  9 centaurs
  17 crocodiles
  5 big kobolds
  Blork the orc (D:5)
  22 bullfrogs
  3 human skeletons (Vaults:3)
  An elf simulacrum (Vaults:1)
  6 scorpions
  26 killer bees
  15 wights
  A vampire bat (D:8)
  5 electric eels
  4 howler monkeys
  4 crimson imps
  3 centaur zombies
  A quasit (D:15)
  A hound (shapeshifter) (Vaults:2)
  4 hounds
  43 orc priests
  Crazy Yiuf (D:2)
  7 centaur skeletons
  4 jellies
  21 orc wizards
  A bullfrog skeleton (D:12)
  4 iguanas
  Terence (D:2)
  Ijyb (D:3)
  24 worker ants
  2 hound zombies
  2 hound skeletons (D:5)
  2 worker ant zombies
  A howler monkey skeleton (D:9)
  17 gnolls
  7 adders
  6 shadow imps
  An ufetubus (Abyss:2)
  An ooze (D:4)
  2 adder skeletons
  5 worms
  2 dart slugs
  5 leopard geckos
  141 orcs
  3 bat skeletons (D:8)
  2 bat zombies (D:8)
  5 giant cockroaches
  21 hobgoblins
  4 jackals (D:4)
  8 quokkas
  A ball python (D:3)
  7 bats
  3 frilled lizards
  18 goblins
  14 kobolds
  2 leopard gecko skeletons
  A quokka zombie (D:5)
  6 rats
  A bush (Lair:6)
  A butterfly (Lair:2)
  4 plants
1505 creatures vanquished.

Vanquished Creatures (collateral kills)
  A wolf spider (Spider:4)
  A cyclops (D:12)
  An oklob plant (Lair:3)
  A centaur skeleton (D:12)
  A troll (D:13)
  3 yaks (Lair:1)
  A tarantella (Spider:4)
  A redback (Spider:4)
  An electric eel (D:11)
  A crimson imp (D:5)
  2 adders (D:12)
  A plant (Lair:3)
15 creatures vanquished.

Vanquished Creatures (others)
  2 orb spiders (Spider:4)
  A troll (Orc:2)
  A hornet (Swamp:1)
  A tarantella (Spider:1)
  A spriggan (Swamp:1)
  A human (Lair:5)
  A boggart (D:15)
  A bullfrog (Lair:5)
  An orc (Orc:2)
  58 fungi
  28 plants
96 creatures vanquished.

Grand Total: 1616 creatures vanquished

Notes
Turn   | Place    | Note
-------+----------+-------------------------------------------
     0 | D:1      | inmateoo the Draconian Transmuter began the quest for the
                  | Orb.
     0 | D:1      | Reached XP level 1. HP: 16/16 MP: 3/3
   324 | D:1      | Reached XP level 2. HP: 17/23 MP: 5/5
   947 | D:1      | Learned a level 2 spell: Sticks to Snakes
  1301 | D:2      | Reached XP level 3. HP: 28/28 MP: 6/6
  1329 | D:2      | Noticed Terence
  1343 | D:2      | Killed Terence
  1388 | D:2      | Learned a level 3 spell: Spider Form
  1442 | D:2      | Reached XP level 4. HP: 36/36 MP: 7/7
  1760 | D:2      | Reached skill level 4 in Unarmed Combat
  2018 | D:2      | Found a runed translucent door.
  2019 | D:2      | Noticed Crazy Yiuf
  2223 | D:2      | Found a glowing golden altar of the Shining One.
  2556 | D:2      | Killed Crazy Yiuf
  2556 | D:2      | Reached XP level 5. HP: 28/42 MP: 2/9
  2705 | D:3      | Noticed Purgy
  2825 | D:3      | Killed Purgy
  3314 | D:3      | Reached XP level 6. HP: 50/50 MP: 10/10
  3374 | D:3      | Noticed Ijyb
  3396 | D:3      | Killed Ijyb
  3515 | D:3      | Noticed Sigmund
  3532 | D:3      | Killed Sigmund
  3532 | D:3      | Reached skill level 5 in Unarmed Combat
  4280 | D:4      | Found a stormy altar of Qazlal.
  4296 | D:4      | Your scales start taking on a lurid green colour.
  4296 | D:4      | Reached XP level 7. HP: 54/57 MP: 12/12
  4296 | D:4      | Gained mutation: Your system is resistant to poisons.
                  | (rPois) [Green Draconian growth]
  4398 | D:4      | Found a staircase to the Ecumenical Temple.
  4408 | Temple   | Entered the Ecumenical Temple
  4425 | Temple   | Became a worshipper of Cheibriados the Contemplative
  4879 | D:5      | Entered Level 5 of the Dungeon
  4879 | D:5      | Noticed Grinder
  4901 | D:4      | Learned a level 4 spell: Ice Form
  4977 | D:5      | Noticed Blork the orc
  4982 | D:5      | Reached skill level 1 in Invocations
  4990 | D:5      | Killed Blork the orc
  5012 | D:4      | Reached skill level 6 in Unarmed Combat
  5192 | D:5      | Noticed Pikel
  5213 | D:4      | Killed Grinder
  5213 | D:4      | Reached XP level 8. HP: 32/66 MP: 7/14
  5430 | D:5      | Noticed Menkaure
  5602 | D:4      | Killed Pikel
  5602 | D:4      | Reached skill level 7 in Unarmed Combat
  5603 | D:4      | Reached * piety under Cheibriados
  5733 | D:4      | Reached skill level 5 in Fighting
  5733 | D:4      | Reached skill level 5 in Transmutations
  5965 | D:4      | Gained mutation: You are dopey. (Int -2) [mutagenic glow]
  5993 | D:4      | Gained mutation: Your muscles are strong. (Str +2)
                  | [mutagenic glow]
  6167 | D:5      | Killed Menkaure
  6171 | D:5      | Reached skill level 8 in Unarmed Combat
  6245 | D:5      | Reached XP level 9. HP: 74/74 MP: 13/15
  6293 | D:5      | Found a glowing silver altar of Zin.
  6295 | D:5      | Found a white marble altar of Elyvilon.
  6295 | D:5      | Found a radiant altar of Vehumet.
  6296 | D:5      | Found an iron altar of Okawaru.
  6692 | D:6      | Reached skill level 5 in Invocations
  6769 | D:6      | Reached skill level 9 in Unarmed Combat
  6846 | D:6      | Reached ** piety under Cheibriados
  8503 | D:8      | Reached skill level 10 in Unarmed Combat
  8627 | D:8      | Learned a level 5 spell: Blade Hands
  8668 | D:8      | Found an ancient bone altar of Kikubaaqudgha.
  8674 | D:8      | Reached *** piety under Cheibriados
  8701 | D:8      | Found a shimmering blue altar of Sif Muna.
  8843 | D:8      | Found an ornate altar of the Wu Jian Council.
  9220 | D:9      | Reached XP level 10. HP: 70/81 MP: 16/16
  9359 | D:9      | Noticed a two-headed ogre
  9371 | D:9      | Killed a two-headed ogre
  9530 | D:9      | Noticed zkyp's ghost (journeyman MfWr)
  9536 | D:9      | Found a runed translucent door.
  9554 | D:9      | Noticed Joseph
  9562 | D:9      | Killed Joseph
  9785 | D:9      | Reached **** piety under Cheibriados
  9790 | D:9      | Reached skill level 5 in Spellcasting
  9967 | D:10     | Entered Level 10 of the Dungeon
 10236 | D:10     | Reached skill level 11 in Unarmed Combat
 10258 | D:10     | Noticed a two-headed ogre
 10265 | D:10     | Killed a two-headed ogre
 10908 | D:11     | Reached XP level 11. HP: 77/91 MP: 19/19
 11158 | D:12     | Found a flagged portal.
 11158 | D:12     | Noticed a skeletal warrior
 11168 | D:12     | Noticed a skeletal warrior
 11174 | Bailey   | Entered a bailey
 11260 | Bailey   | Reached ***** piety under Cheibriados
 11626 | Bailey   | Noticed an orc warlord
 11626 | Bailey   | Noticed an orc knight
 11636 | Bailey   | Killed an orc warlord
 11636 | Bailey   | Reached skill level 5 in Dodging
 11644 | Bailey   | Killed an orc knight
 11942 | Bailey   | Found the +0 pair of fencer's gloves {Riposte Dex+3}
 11985 | Bailey   | Identified a scroll of acquirement
 11988 | Bailey   | Got a pair of scorched gloves
 12000 | Bailey   | Identified the +0 pair of gloves of Idubopey {+Inv} (You
                  | acquired it in a bailey)
 12014 | Bailey   | Got an ichor-stained fustibalus
 12016 | Bailey   | Identified the +4 fustibalus of the Wraith {velocity, rF+
                  | MR+} (You found it in a bailey)
 12039 | D:12     | Noticed a skeletal warrior
 12052 | D:12     | Killed a skeletal warrior
 12052 | D:12     | Reached skill level 12 in Unarmed Combat
 12053 | D:12     | Noticed a skeletal warrior
 12063 | D:12     | Killed a skeletal warrior
 12066 | D:12     | Killed a skeletal warrior
 12066 | D:12     | Reached ****** piety under Cheibriados
 12073 | D:12     | Killed a skeletal warrior
 12844 | D:12     | Noticed a purple ugly thing
 12854 | D:12     | Killed a purple ugly thing
 12972 | D:12     | Reached XP level 12. HP: 100/100 MP: 22/22
 12976 | D:12     | Noticed Snorg
 12992 | D:12     | Killed Snorg
 13472 | D:12     | Reached skill level 13 in Unarmed Combat
 13808 | D:11     | Noticed an eight-headed hydra
 13831 | D:11     | Found Jeomaeh's Antique Armour Boutique.
 13852 | D:11     | Killed an eight-headed hydra
 14048 | D:11     | Found a staircase to the Lair.
 14101 | D:11     | Found a portal to a secret trove of treasure.
 14287 | D:11     | Found a staircase to the Orcish Mines.
 14975 | D:13     | Reached skill level 14 in Unarmed Combat
 14986 | D:13     | Noticed a tengu warrior
 15002 | D:13     | Killed a tengu warrior
 15700 | D:13     | Noticed Erolcha
 15733 | D:13     | Noticed a two-headed ogre
 15736 | D:13     | Killed a two-headed ogre
 15769 | D:13     | Noticed a centaur warrior
 15788 | D:13     | Killed Erolcha
 15800 | D:13     | Killed a centaur warrior
 15800 | D:13     | Reached skill level 15 in Unarmed Combat
 16072 | D:13     | Reached skill level 1 in Shields
 16072 | D:13     | Reached XP level 13. HP: 87/105 MP: 23/23
 16139 | D:13     | Found a gate to the Vaults.
 16781 | D:13     | Paralysed by a hornet for 3 turns
 17323 | D:14     | Learned a level 6 spell: Statue Form
 17578 | D:14     | Reached skill level 1 in Earth Magic
 18613 | D:14     | Reached skill level 10 in Transmutations
 18613 | D:14     | Gained mutation: Your tail ends in a poisonous barb. [Green
                  | Draconian growth]
 18613 | D:14     | Reached XP level 14. HP: 115/115 MP: 25/25
 18647 | D:15     | Entered Level 15 of the Dungeon
 19089 | D:15     | Reached skill level 5 in Earth Magic
 19097 | D:15     | Found a staircase to the Depths.
 19219 | D:15     | Reached XP level 15. HP: 107/122 MP: 12/27
 19518 | D:15     | Reached skill level 16 in Unarmed Combat
 19776 | D:15     | Gained mutation: Scrolls take you a little longer to read.
                  | [a neqoxec]
 20236 | Lair:1   | Entered Level 1 of the Lair of Beasts
 21438 | Lair:3   | Noticed Sonja
 21440 | Lair:3   | Noticed Sonja
 21440 | Lair:3   | Sonja changed into Sonja the basilisk
 21446 | Lair:3   | Killed Sonja the basilisk
 21780 | Lair:3   | Found a staircase to the Swamp.
 21972 | Lair:3   | Found the +8 storm bow {elec, penet}
 22412 | Lair:4   | Reached skill level 1 in Bows
 22437 | Lair:4   | Found a hole to the Spider Nest.
 22510 | Lair:4   | Reached XP level 16. HP: 121/132 MP: 28/28
 23013 | Lair:5   | Found a staircase to the Slime Pits.
 23161 | Lair:5   | You fall into a shaft and drop 1 floor!
 23161 | Lair:6   | Entered Level 6 of the Lair of Beasts
 23760 | Lair:6   | Identified the Reference Book on Gliding Creation
 24291 | Lair:6   | Reached skill level 10 in Fighting
 24442 | Lair:6   | Learned a level 9 spell: Shatter
 24648 | Lair:6   | Reached skill level 17 in Unarmed Combat
 24698 | Lair:6   | Reached skill level 10 in Invocations
 24765 | Lair:5   | Noticed Kirke
 24769 | Lair:5   | Killed Kirke
 25461 | Orc:1    | Entered Level 1 of the Orcish Mines
 25650 | Orc:1    | Found a roughly hewn altar of Beogh.
 25972 | Orc:2    | Entered Level 2 of the Orcish Mines
 26047 | Orc:2    | Found a flickering gateway to a bazaar.
 26054 | Orc:2    | HP: 2/134 [something (86)]
 26204 | Bazaar   | Entered a bazaar
 26471 | Bazaar   | Found Zulopruwk's Assorted Antiques.
 26471 | Bazaar   | Found Hejauwk's Food Shoppe.
 26477 | Bazaar   | Bought a scroll labeled ZUMISESKANYB for 21 gold pieces
 26477 | Bazaar   | Bought a bubbling amethyst potion for 18 gold pieces
 26477 | Bazaar   | Bought a potion of mutation for 168 gold pieces
 26477 | Bazaar   | Bought a scroll of identify for 42 gold pieces
 26477 | Bazaar   | Bought a scroll of teleportation for 63 gold pieces
 26532 | Bazaar   | Found Dyleevud's Weapon Emporium.
 26532 | Bazaar   | Found Poujokh's Distillery.
 26550 | Bazaar   | Bought a potion of agility for 32 gold pieces
 26550 | Bazaar   | Bought a potion of brilliance for 32 gold pieces
 26550 | Bazaar   | Bought a potion of curing for 24 gold pieces
 26550 | Bazaar   | Bought a potion of heal wounds for 40 gold pieces
 26550 | Bazaar   | Bought a potion of heal wounds for 40 gold pieces
 26550 | Bazaar   | Bought a potion of curing for 24 gold pieces
 26550 | Bazaar   | Bought a potion of mutation for 64 gold pieces
 26550 | Bazaar   | Bought 2 potions of brilliance for 64 gold pieces
 26620 | Orc:2    | Found a staircase to the Elven Halls.
 26705 | Orc:2    | Found a roughly hewn altar of Beogh.
 26890 | Orc:2    | Found Ibeenohi's Magic Scroll Shop.
 26915 | Orc:2    | Bought a scroll of identify for 32 gold pieces
 26915 | Orc:2    | Bought a scroll of identify for 32 gold pieces
 26915 | Orc:2    | Bought a scroll of silence for 120 gold pieces
 26915 | Orc:2    | Bought a scroll of identify for 32 gold pieces
 26915 | Orc:2    | Bought a scroll of identify for 32 gold pieces
 26915 | Orc:2    | Bought a scroll of identify for 32 gold pieces
 26921 | Orc:2    | Found Cuxopn's General Store.
 26936 | Orc:2    | Bought a scroll of teleportation for 30 gold pieces
 27283 | Orc:2    | Found Hofieq's Antique Armour Shoppe.
 27405 | Orc:2    | Found Semujeb's Antique Armour Shop.
 27451 | Orc:2    | Bought the +3 crown of Dyrovepreva {rElec Int+2 SInv} for
                  | 1366 gold pieces
 27451 | Orc:2    | Found the +3 crown of Dyrovepreva {rElec Int+2 SInv}
 27451 | Orc:2    | Bought a pair of embroidered boots for 247 gold pieces
 27476 | Orc:2    | Identified a +0 pair of boots of running (You bought it in
                  | a shop on level 2 of the Orcish Mines)
 27882 | Orc:1    | Found Meupra's Antique Weapon Shoppe.
 28175 | Swamp:1  | Entered Level 1 of the Swamp
 28303 | Swamp:1  | Reached XP level 17. HP: 140/140 MP: 24/30
 30454 | Swamp:3  | Reached skill level 10 in Spellcasting
 30760 | Swamp:4  | Entered Level 4 of the Swamp
 31035 | Swamp:4  | Reached skill level 5 in Bows
 31226 | Swamp:4  | Noticed the 27-headed Lernaean hydra
 31233 | Swamp:4  | Reached skill level 18 in Unarmed Combat
 31236 | Swamp:4  | Killed the 27-headed Lernaean hydra
 31299 | Swamp:4  | Got a decaying rune of Zot
 31869 | Spider:1 | Entered Level 1 of the Spider Nest
 32092 | Spider:1 | Reached XP level 18. HP: 147/147 MP: 28/32
 32216 | Spider:1 | Reached skill level 10 in Dodging
 32794 | Spider:2 | Learned a level 2 spell: Blink
 33513 | Spider:3 | Noticed Nikola
 33518 | Spider:3 | Noticed Louise
 33525 | Spider:3 | Killed Nikola
 33530 | Spider:3 | Killed Louise
 33545 | Spider:3 | Noticed Arachne
 33565 | Spider:3 | Reached skill level 15 in Transmutations
 33566 | Spider:3 | Killed Arachne
 33606 | Spider:3 | Found a runed translucent door.
 33842 | Spider:3 | Reached skill level 10 in Earth Magic
 33843 | Spider:3 | Reached skill level 1 in Evocations
 33902 | Spider:4 | Entered Level 4 of the Spider Nest
 34206 | Spider:4 | Lost mutation: You are dopey. (Int -2) [potion of mutation]
 34206 | Spider:4 | Gained mutation: Your tail ends in a sharp poisonous barb.
                  | [potion of mutation]
 34206 | Spider:4 | Gained mutation: You are frail. (-10% HP) [potion of
                  | mutation]
 34206 | Spider:4 | Gained mutation: Potions are less effective at restoring
                  | your health. [potion of mutation]
 34206 | Spider:4 | Gained mutation: You have large cloven feet. [potion of
                  | mutation]
 34207 | Spider:4 | Lost mutation: Scrolls take you a little longer to read.
                  | [potion of mutation]
 34207 | Spider:4 | Lost mutation: Your tail ends in a sharp poisonous barb.
                  | [potion of mutation]
 34207 | Spider:4 | Lost mutation: You are frail. (-10% HP) [potion of
                  | mutation]
 34207 | Spider:4 | Lost mutation: Your muscles are strong. (Str +2) [potion of
                  | mutation]
 34207 | Spider:4 | Gained mutation: You are resistant to hostile enchantments.
                  | (MR+) [potion of mutation]
 34207 | Spider:4 | Gained mutation: You are frail. (-10% HP) [potion of
                  | mutation]
 34207 | Spider:4 | Gained mutation: You are occasionally teleported next to
                  | monsters. [potion of mutation]
 34207 | Spider:4 | Gained mutation: You possess an exceptional clarity of
                  | mind. [potion of mutation]
 34209 | Spider:4 | Lost mutation: You possess an exceptional clarity of mind.
                  | [potion of mutation]
 34209 | Spider:4 | Lost mutation: You have large cloven feet. [potion of
                  | mutation]
 34209 | Spider:4 | Lost mutation: Potions are less effective at restoring your
                  | health. [potion of mutation]
 34209 | Spider:4 | Lost mutation: You are frail. (-10% HP) [potion of
                  | mutation]
 34209 | Spider:4 | Gained mutation: Your flesh is cold resistant. (rC+)
                  | [potion of mutation]
 34325 | Spider:4 | Reached XP level 19. HP: 109/154 MP: 6/33
 34417 | Spider:4 | Got a gossamer rune of Zot
 34938 | Vaults:1 | Entered Level 1 of the Vaults
 35203 | Vaults:1 | Reached skill level 5 in Evocations
 35549 | Vaults:1 | Found Demia's Antique Armour Emporium.
 36754 | Vaults:2 | Found a staircase to the Crypt.
 37003 | Vaults:2 | Found a flickering gateway to a bazaar.
 37010 | Bazaar   | Entered a bazaar
 37024 | Bazaar   | Found Adophips's Antique Weapon Shoppe.
 37024 | Bazaar   | Found Eneshraen's Antique Armour Emporium.
 37047 | Bazaar   | Found Diom's Antique Armour Emporium.
 37068 | Bazaar   | Found Avet's Weapon Emporium.
 37782 | Vaults:2 | Noticed Margery
 37803 | Vaults:2 | Killed Margery
 37803 | Vaults:2 | Reached skill level 10 in Bows
 37805 | Vaults:2 | Reached XP level 20. HP: 107/161 MP: 31/34
 37806 | Vaults:2 | Cast into level 2 of the Abyss (hell knight)
 37809 | Abyss:2  | Found a corrupted altar of Lugonu.
 37879 | Vaults:2 | Escaped the Abyss
 38500 | Vaults:3 | Found a magical portal.
 38662 | WizLab   | Blown up by a conjurer statue

Levels and vault maps discovered:
D:1:      ncdulo_smallfort, layout_basic, serial_forest,
          infiniplex_forest_clump_diagonal, infiniplex_forest_end_double,
          infiniplex_forest_end_1, infiniplex_forest_clump_double,
          infiniplex_forest_clump_long, infiniplex_forest_end_2,
          infiniplex_forest_lined_4_way, infiniplex_forest_straight_2,
          infiniplex_forest_clump_tiny, infiniplex_forest_corner_1,
          minmay_pentomino_w2
D:2:      layout_loops_ring, marbit_many_paths, uniq_terence,
          uniq_crazy_yiuf_cottage
D:3:      layout_loops_corners, uniq_ijyb, uniq_sigmund, uniq_purgy
D:4:      layout_loops_ring, grunt_qazlal_sundering,
          minmay_temple_entry_poolview
D:5:      layout_cave_pools, chequers_temple_overflow_statue_of_worship,
          first_ration, uniq_grinder, uniq_blork_the_orc, uniq_menkaure,
          uniq_pikel
D:6:      layout_basic
D:7:      layout_cave_pods
D:8:      layout_cave_pools, kennysheep_vampire_church, old_standard_altar,
          kennysheep_mini
D:9:      layout_cave_pools, hellmonk_ghost_happy_afterlife,
          hangedman_fish_farm, uniq_joseph
D:10:     layout_basic
D:11:     layout_big_octagon, minmay_lair_entry_grove, erik_orc_2, serial_shops,
          kennysheep_mini_moat, enter_trove_1
D:12:     layout_basic, enter_bailey_2, uniq_snorg
D:13:     layout_irregular_city, erik_vaults_1, uniq_erolcha
D:14:     layout_stronghold
D:15:     grunt_enter_depths_hoard, layout_gridville
Temple:   cyrus_circular_temple
Lair:1:   layout_regular_city, serial_bayou_ford_a
Lair:2:   layout_hall_layers, beast_lair_carwin_5
Lair:3:   layout_loops_ring, swamp_mist, minmay_another_anthill,
          minmay_lair_oklob_chamber, lemuel_fruit_fields, grunt_megastairs_3,
          uniq_sonja
Lair:4:   mu_elephants_graveyard, layout_loops_ring,
          nicolae_spider_entry_non_spiders, roderic_carrion_pond
Lair:5:   layout_roguey [special_room_bee], minmay_slime_entry_pillars,
          uniq_kirke
Lair:6:   due_jungle_book, layout_gridlike, grunt_forest_small_clearings,
          minmay_lair_oklob_items, nicolae_lair_grove_arrangements,
          chequers_serial_rivers_small_b, minivault_25,
          chequers_serial_rivers_micro_a
Swamp:1:  layout_basic_swamp, hangedman_swamp_blocks, swamp_pool3
Swamp:2:  layout_basic_swamp, evilmike_swamp_ruin_house_3, swamp_pool4
Swamp:3:  layout_basic_swamp, evilmike_swamp_ruin_house_1
Swamp:4:  swamp_old_school, layout_basic_swamp
Spider:1: layout_spider_delve, hangedman_spider_mandibles
Spider:2: layout_spider_delve, hangedman_spider_tarantella_strand
Spider:3: cheibrodos_spider_deadly_dance, uniq_arachne, uniq_nikola, uniq_louise
Spider:4: guppyfry_spider_rune
Orc:1:    layout_caves, serial_shops, nicolae_shop_stone, basic_altar
Orc:2:    st_orc_town, layout_diamond_mine, serial_shops, freezing_bzr
Vaults:1: v_rooms_2, dpeg_vaults_monster_box, nicolae_vaults_ring_of_whatevers,
          vaults_dpeg_hooks, hangedman_vaults_stitches, nicolae_vaults_arrows,
          nicolae_vaults_mini_display_case, vaults_dpeg_encased_lava, v_misc_13,
          nicolae_vaults_little_squares_3, nicolae_vaults_alarming,
          layout_vaults_omnicross, serial_shops, shop
Vaults:2: minmay_crypt_entry_nasty_monster, serial_ice_g,
          grunt_vaults_hallway_long, v_misc_23,
          nicolae_vaults_inception_network, v_misc_15, v_misc_15,
          nicolae_vaults_rhombus_6, v_misc_18, nicolae_vaults_shelves_hall,
          hangedman_vaults_stream, hangedman_vaults_trim,
          layout_vaults_maze_snakey, serial_shops, bzr_entry_dummy, uniq_margery
Vaults:3: nicolae_vaults_little_squares_2, grunt_vaults_twisty,
          nicolae_vaults_fighting_squares, vaults_mumra_minichess, v_misc_9,
          nicolae_vaults_triangles, nicolae_vaults_network_s,
          ontoclasm_vaults_decontamination, ontoclasm_vaults_twist,
          vaults_room_corners, layout_vaults_chaotic_city,
          infiniplex_enter_wizlab_glasses
WizLab:   wizlab_iskenderun

Skill      XL: |  1  2  3  4  5  6  7  8  9 10 11 12 13 14 15 16 17 18 19 20 |
---------------+-------------------------------------------------------------+-----
Dodging        | 2 4 5 6 7 8 9 10 | 10.0
Fighting       | 2 3 4 5 6 7 8 9 10 | 10.0
Unarmed Combat | 4 5 6 8 10 11 12 15 16 17 18 | 18.0
Transmutations | 3 4 5 6 8 10 11 13 14 15 | 15.0
Spellcasting   | 3 4 5 6 7 8 9 10 | 10.0
Invocations    | 2 4 6 7 8 9 10 12 14 | 14.0
Shields        | 1 3 4 |  4.0
Earth Magic    | 4 5 6 7 9 10 12 13 | 13.0
Bows           | 1 4 5 8 10 | 10.0
Evocations     | 4 7 9 |  9.1

Action                   |  1- 3 |  4- 6 |  7- 9 | 10-12 | 13-15 | 16-18 | 19-21 || total
-------------------------+-------+-------+-------+-------+-------+-------+-------++-------
Melee: Unarmed           |   123 |   187 |   347 |   551 |   612 |  1213 |   502 ||  3535
       Tailslap          |    10 |    12 |    37 |   137 |   182 |   280 |   118 ||   776
       Punch             |     3 |     4 |    12 |    57 |    94 |    41 |       ||   211
       Kick              |     3 |     7 |     5 |     5 |       |       |       ||    20
       Headbutt          |     3 |     3 |     1 |     5 |     2 |       |       ||    14
 Cast: Beastly Appendage |     7 |     4 |     6 |     3 |     1 |       |       ||    21
       Sticks to Snakes  |       |     6 |     6 |    10 |     4 |       |       ||    26
       Spider Form       |       |     5 |     4 |     1 |       |       |       ||    10
       Ice Form          |       |       |     5 |       |       |     1 |       ||     6
       Blade Hands       |       |       |       |    22 |     7 |       |       ||    29
       Statue Form       |       |       |       |       |    19 |    80 |    30 ||   129
Invok: Temporal Distorti |       |       |       |       |     2 |       |     2 ||     4
       Slouch            |       |       |       |       |     4 |    10 |     7 ||    21
 Abil: Breathe Noxious F |       |       |     1 |     9 |     2 |     7 |       ||    19
       End Transformatio |       |       |       |     1 |       |     2 |       ||     3
Evoke: Wand              |       |       |       |    13 |     5 |    18 |     4 ||    40
       Phantom mirror    |       |       |       |     1 |       |       |       ||     1
  Use: Scroll            |     3 |     6 |     7 |     7 |    11 |    18 |     2 ||    54
       Potion            |       |       |     1 |     3 |     1 |     3 |       ||     8
 Stab: Sleeping          |     1 |     2 |     1 |     2 |     6 |     4 |     3 ||    19
       Confused          |       |       |     1 |     5 |     3 |     1 |       ||    10
       Distracted        |       |       |       |     4 |     4 |       |       ||     8
  Eat: Chunk             |     2 |    10 |    13 |    12 |    17 |    31 |    14 ||    99
       Ration            |       |       |     1 |     2 |     2 |     5 |     1 ||    11
Armor: Skin              |    20 |    54 |   133 |   159 |   230 |   863 |   286 ||  1745
Dodge: Dodged            |    43 |   120 |   229 |   410 |   585 |  1989 |   768 ||  4144
Block: Buckler           |       |       |       |       |       |   738 |   289 ||  1027
       Other             |       |       |       |       |       |    17 |       ||    17
       Reflection        |       |       |       |       |       |    16 |       ||    16
       Rpst.: Unarmed    |       |       |       |    44 |    67 |    56 |    15 ||   182
